 Dungeon Crawl Stone Soup version 0.28.0 (webtiles) character file.

Game seed: 3216827791319480923

42 horus123 the Skirmisher (level 3, 0/29 HPs)
             Began as a Demonspawn Gladiator on Feb 12, 2022.
             Succumbed to an adder's poison
             ... on level 2 of the Dungeon.
             The game lasted 00:01:15 (1297 turns).

horus123 the Skirmisher (Demonspawn Gladiator)      Turns: 1297, Time: 00:01:16

Health: 0/29       AC:  3    Str: 14    XL:     3   Next: 33%
Magic:  3/3        EV: 12    Int: 13    God:
Gold:   37         SH:  0    Dex: 14    Spells: 2/2 levels left

rFire   . . .      SeeInvis +   a - +1 trident
rCold   . . .      Faith    .   (no shield)
rNeg    . . .      Spirit   .   b - +0 leather armour
rPois   .          Reflect  .   (helmet restricted)
rElec   .          Harm     .   (no cloak)
rCorr   .          Rampage  .   (no gloves)
Will    .....                   (no boots)
Stlth   +.........              (no amulet)
HPRegen 0.09/turn               i - ring of see invisible
MPRegen 0.08/turn               (no ring)

@: lethally poisoned (0 -> -8)
A: horns 1, big brain 1
a: no special abilities


You were on level 2 of the Dungeon.
You visited 1 branch of the dungeon, and saw 2 of its levels.

You collected 37 gold pieces.

Inventory:

Hand Weapons
 a - a +1 trident (weapon)
Missiles
 c - 5 poisoned darts (quivered)
 d - 3 throwing nets
Armour
 b - a +0 leather armour (worn)
Jewellery
 i - a ring of see invisible (left hand)
Potions
 e - a potion of ambrosia {unknown}
 f - a potion of curing
 h - a potion of invisibility {unknown}


   Skills:
 + Level 3.5 Fighting
 - Level 3.0 Polearms
 - Level 1.7 Throwing
 - Level 2.6 Dodging


You had 2 spell levels left.
You didn't know any spells.
Your spell library was empty.

Dungeon Overview and Level Annotations

Branches:
Dungeon (2/15)

Altars:


Innate Abilities, Weirdness & Mutations

You have a pair of small horns on your head.
You have an unusually large brain. (Int +2)


Message History

The adder poisons you! The adder bites you.
You are more poisoned.
The adder poisons you!
You closely miss the adder.
The adder is heavily wounded.
You feel very sick. The adder barely misses you.
You barely miss the adder.
The adder is heavily wounded.
You feel sick. The adder bites you. The adder bites you but does no damage.
You barely miss the adder.
The adder is heavily wounded.
You feel sick. The adder bites you.
You closely miss the adder.
The adder is heavily wounded.
You feel sick. The adder completely misses you. The adder barely misses you.
You hit the adder.
The adder is almost dead.
You feel sick. The adder bites you.
* * * LOW HITPOINT WARNING * * *
You hit the adder but do no damage.
The adder is almost dead.
You feel sick. The adder barely misses you. x2
You hit the adder.
You kill the adder!
You feel sick.
You hit the adder.
The adder is heavily wounded.
You feel sick.
You are no longer poisoned.
The adder closely misses you. The adder barely misses you.
You barely miss the adder.
The adder is heavily wounded.
The adder bites you.
* * * LOW HITPOINT WARNING * * *
You are lethally poisoned!
The adder poisons you!
You puncture the adder!
You kill the adder!
You die...

#####.##.# ##+##
##...#.#.####..#
.....##........#
.......#.#####.######.
..<.....#.............
.........#####.#.##...
..†..............#
.#.......#####.####.#.#.
###.#....# #.[@†......
#...#.#.# #...####.#.##
......#.# #.... .....#.
#...## ....$. .......
...##.## .#. #.


There were no monsters in sight!

Vanquished Creatures
  3 adders (D:2)
  A dart slug (D:1)
  4 endoplasms (D:1)
  3 goblins (D:1)
  A hobgoblin (D:1)
  2 kobolds (D:1)
  3 ball pythons (D:1)
  3 bats
  A frilled lizard (D:2)
  A rat (D:1)
22 creatures vanquished.

Notes
Turn   | Place    | Note
-------+----------+-------------------------------------------
     0 | D:1      | horus123 the Demonspawn Gladiator began the quest for the
                  | Orb.
     0 | D:1      | Reached XP level 1. HP: 16/16 MP: 1/1
   674 | D:1      | Gained mutation: You have a pair of small horns on your
                  | head. [demonic ancestry]
   674 | D:1      | Reached XP level 2. HP: 22/23 MP: 2/2
   736 | D:1      | Found a faded altar of an unknown god.
  1281 | D:2      | Gained mutation: You have an unusually large brain. (Int
                  | +2) [demonic ancestry]
  1281 | D:2      | Reached XP level 3. HP: 25/29 MP: 3/3
  1297 | D:2      | Succumbed to an adder's poison

Illustrated notes

Levels and vault maps discovered:
D:1:      dpeg_arrival_chambers_temple_mockup, layout_basic,
          shapermc_ecumenical_altar_starsandcircs
D:2:      layout_loops_ring, basic_altar, minmay_liquid_box, serial_bayou_pond_b

Skill      XL: |  1  2 |
---------------+-------+-----
Polearms       | 3 |  3.0
Fighting       | 3 |  3.5
Throwing       | |  1.7
Dodging        | |  2.6

Action                   || total
-------------------------++-------
Melee: Trident           ||    74
       Headbutt          ||     3
  Use: Scroll            ||     3
 Stab: Sleeping          ||     1
       Distracted        ||     1
Armor: Leather armour    ||    20
Dodge: Dodged            ||    37
